 Dungeon Crawl Stone Soup version 0.26-b1-59-ge38874ec40 (webtiles) character file.

Game seed: 3249887652897310716

156 jackrogers the Chopper (level 5, -4/48 HPs)
             Began as a Deep Dwarf Fighter on Jan 9, 2021.
             Killed from afar by Ijyb (5 damage)
             ... with a puff of flame
             ... on level 3 of the Dungeon.
             The game lasted 00:05:51 (2057 turns).

jackrogers the Chopper (Deep Dwarf Fighter)         Turns: 2057, Time: 00:05:52

Health: -4/48      AC:  9    Str: 21    XL:     5   Next: 15%
Magic:  5/5        EV:  7    Int:  8    God:
Gold:   96         SH:  9    Dex: 12    Spells: 4/4 levels left

rFire    . . .     SeeInvis .   a - +1 war axe
rCold    . . .     Faith    .   c - +0 kite shield
rNeg     . . .     Spirit   .   b - +1 scale mail
rPois    .         Reflect  .   (no helmet)
rElec    .         Harm     .   e - +0 cloak
rCorr    .         Rampage  .   (no gloves)
Will     .....                  (no boots)
Stlth    ..........             (no amulet)
HPRegen  0.00/turn              (no ring)
MPRegen  0.09/turn              (no ring)

@: non-regenerating
A: damage resistance, heal wounds, sense surroundings 1, no regeneration
a: Heal Wounds


You were on level 3 of the Dungeon.
You visited 1 branch of the dungeon, and saw 3 of its levels.

You collected 96 gold pieces.

Inventory:

Hand Weapons
 a - a +1 war axe (weapon)
Armour
 b - a +1 scale mail (worn)
 c - a +0 kite shield (worn)
 e - a +0 cloak (worn)
 l - a +0 chain mail
Wands
 t - a wand of disintegration (10)
Scrolls
 i - a scroll of amnesia
 j - 2 scrolls of enchant weapon
 k - a scroll of identify
 o - a scroll of remove curse
Potions
 d - a potion of might
 f - 2 potions of heal wounds
 g - a potion of lignification {unknown}
 h - a potion of curing {unknown}
 p - a potion of berserk rage {unknown}
 q - 2 potions of ambrosia {unknown}
 s - a potion of degeneration {unknown}


   Skills:
 - Level 2.8 Fighting
 + Level 5.7 Axes
 - Level 3.4 Armour
 - Level 3.3 Shields


You had 4 spell levels left.
You didn't know any spells.
Your spell library was empty.

Dungeon Overview and Level Annotations

Branches:
Dungeon (3/15)

Altars:
Qazlal
Zin

Annotations:
D:3 Ijyb


Innate Abilities, Weirdness & Mutations

You are resistant to damage.
You can heal yourself by infusing magical energy.
You passively map a small area around you.
You do not regenerate.


Message History

Ijyb is severely wounded.
You block Ijyb's attack.
You barely miss Ijyb.
Ijyb is heavily wounded.
You block Ijyb's attack.
You hit Ijyb.
Ijyb is severely wounded.
Ijyb hits you but does no damage. x2
You hit Ijyb but do no damage.
Ijyb is severely wounded.
You hear the rusting of a drain nearby.
Ijyb zaps a wand.
The puff of flame hits you!
* * * LOW HITPOINT WARNING * * *
You closely miss Ijyb.
Ijyb is severely wounded.
Ijyb hits you but does no damage.
You barely miss Ijyb.
Ijyb is severely wounded.
Ijyb zaps a wand.
The puff of flame hits you!
You die...

*** *,***#########
*,,,,g.......#
*,****######g######**** *,*
#....@........,,* *,*
#.####.#######*,* *,*
#.#..#.# *,* *,* #.#..#.#
*,* *,* #.#..#.# *,*
*,**###.#..#.#*******,**
*,,,..#.#..#.#*,,,,,,,,**
****#.#.(..#.#*,******,,****
#.#....#,*,,,,,,,,,,,,,*


You could see Ijyb.

Vanquished Creatures
  A bullfrog zombie (D:2)
  Robin (D:3)
  2 adders (D:2)
  2 oozes
  2 worms
  A dart slug (D:1)
  A leopard gecko (D:1)
  An orc (D:3)
  A giant cockroach (D:1)
  19 goblins
  13 hobgoblins
  9 kobolds
  A quokka (D:2)
  2 ball pythons (D:2)
  9 bats
  5 frilled lizards
  A rat (D:2)
71 creatures vanquished.

Notes
Turn   | Place    | Note
-------+----------+-------------------------------------------
     0 | D:1      | jackrogers the Deep Dwarf Fighter began the quest for the
                  | Orb.
     0 | D:1      | Reached XP level 1. HP: 20/20 MP: 1/1
   262 | D:1      | Reached XP level 2. HP: 25/27 MP: 2/2
   570 | D:1      | Reached skill level 3 in Axes
   962 | D:1      | Reached XP level 3. HP: 26/33 MP: 3/3
  1126 | D:2      | Reached skill level 4 in Axes
  1126 | D:2      | Reached XP level 4. HP: 23/40 MP: 4/4
  1208 | D:2      | Reached skill level 5 in Axes
  1358 | D:2      | Found a glowing silver altar of Zin.
  1544 | D:2      | Found a stormy altar of Qazlal.
  1869 | D:3      | Noticed Robin
  1875 | D:3      | Killed Robin
  1876 | D:3      | Reached XP level 5. HP: 18/48 MP: 5/5
  2042 | D:3      | Noticed Ijyb
  2055 | D:3      | HP: 1/48 [Ijyb/puff of flame (11)]
  2057 | D:3      | Killed from afar by Ijyb

Illustrated notes

Levels and vault maps discovered:
D:1:      ncdulo_smallfort, layout_loops_corners, minmay_small_reverse_x
D:2:      kennysheep_the_goblin_king, layout_loops_ring, zin_treasury,
          lemuel_crystal_altar, minmay_tromino_mix6
D:3:      layout_basic, cheibrodos_sewer_entry_drain, uniq_natasha, uniq_ijyb,
          uniq_jessica, uniq_robin

Skill      XL: |  1  2  3  4 |
---------------+-------------+-----
Axes           | 3 4 5 |  5.7
Fighting       | |  2.8
Armour         | |  3.4
Shields        | |  3.3

Action                   |  1- 3 |  4- 6 || total
-------------------------+-------+-------++-------
Melee: War axe           |   101 |   128 ||   229
  Use: Scroll            |     1 |     8 ||     9
Armor: Scale mail        |    64 |    40 ||   104
Dodge: Dodged            |    44 |    35 ||    79
Block: Kite shield       |    72 |    67 ||   139
